 Dungeon Crawl Stone Soup version 0.31-a0-1008-g5b978dac0e (webtiles) character file.

Game seed: 5731613450722961069

67 Gynju the Shield-Bearer (level 4, 0/40 HPs)
             Began as a Minotaur Fighter on Nov 13, 2023.
             Slain by a gnoll
             ... wielding a +0 spear
              (4 damage)
             ... on level 2 of the Dungeon.
             The game lasted 00:02:22 (1060 turns).

Gynju the Shield-Bearer (Minotaur Fighter)          Turns: 1060, Time: 00:02:22

Health: 0/40       AC:  7    Str: 22    XL:     4   Next: 0%
Magic:  3/3        EV:  9    Int:  5    God:
Gold:   68         SH:  4    Dex: 10    Spells: 3/3 levels left

rFire   . . .        a - +0 war axe
rCold   . . .        c - +0 buckler
rNeg    . . .        b - +0 scale mail
rPois   .            (helmet restricted)
rElec   .            (no cloak)
rCorr   .            (no gloves)
SInv    .            (no boots)
Will    .....        (no amulet) Stlth
                     (no ring)
HPRegen 0.26/turn    (no ring)
MPRegen 0.08/turn

%: no passive effects
@: no status effects
A: horns 2, retaliatory headbutt
a: no special abilities


You were on level 2 of the Dungeon.
You visited 1 branch of the dungeon, and saw 2 of its levels.

You collected 68 gold pieces.

Inventory:

Hand Weapons
 a - a +0 war axe (weapon)
Armour
 b - a +0 scale mail (worn)
 c - a +0 buckler (worn)
Talismans
 e - a serpent talisman
Scrolls
 f - a scroll of immolation {unknown}
 g - a scroll of amnesia {unknown}
Potions
 d - 2 potions of might
 h - a potion of curing {unknown}
 i - 2 potions of enlightenment {unknown}
 j - a potion of invisibility {unknown}


   Skills:
 + Level 4.3 Fighting
 + Level 3.3 Axes
 + Level 4.2 Armour
 + Level 4.3 Shields


You had 3 spell levels left.
You didn't know any spells.
Your spell library was empty.

Dungeon Overview and Level Annotations

Branches:
Dungeon (2/15)

Altars:


Innate Abilities, Weirdness & Mutations

You have a pair of horns on your head.
You reflexively headbutt those who attack you in melee.


Message History

You are too injured to fight recklessly!
You slash the gnoll! You headbutt the gnoll.
You kill the gnoll!
The gnoll hits you from afar with a +0 spear.
You have reached level 4!
You feel agile. The gnoll attacks as it pursues you!
The gnoll hits you from afar with a +0 spear.
The gnoll attacks as it pursues you! The gnoll closely misses you.
The gnoll attacks as it pursues you!
The gnoll hits you from afar with a +0 spear.
The gnoll attacks as it pursues you!
The gnoll hits you from afar with a +0 spear.
The gnoll attacks as it pursues you! The gnoll hits you but does no damage.
Found a scale mail.
The gnoll attacks as it pursues you! The gnoll barely misses you.
The gnoll attacks as it pursues you! The gnoll barely misses you.
The gnoll attacks as it pursues you! The gnoll barely misses you.
The gnoll attacks as it pursues you!
The gnoll hits you from afar with a +0 spear.
* * * LOW HITPOINT WARNING * * *
The gnoll throws a throwing net.
The throwing net hits you.
You become entangled in the net!
The gnoll attacks as it pursues you!
The gnoll hits you from afar with a +0 spear!
* * * LOW HITPOINT WARNING * * *
You see here a throwing net.
You struggle against the net.
The gnoll hits you but does no damage.
You struggle against the net.
The gnoll enters a dispersal trap!
The gnoll blinks!
The kobold blinks!
You blink.
The gnoll hits you but does no damage.
The gnoll hits you from afar with a +0 spear.
* * * LOW HITPOINT WARNING * * *
The gnoll attacks as it pursues you! You block the gnoll's attack.
The gnoll barely misses you. The gnoll hits you with a +0 halberd.
* * * LOW HITPOINT WARNING * * *
You block the kobold's attack. The gnoll attacks as it pursues you!
The gnoll hits you from afar with a +0 spear.
You die...

#.........# #.........#
#.........#
..######.........##
.......'...........
########..[.....)..
#######+#..................
#.......g..#.####..)#######
#.......g)@#........#######
+........g)K............g..
#........†.†..##....#######
#........#†##.##....#
#........<..^.......#
#........(###.###...#
#..........(..# #...#
#######.....g## #...#
######.# #...#


You could see 3 gnolls and a kobold.

Vanquished Creatures
  Robin (D:2)
  A gnoll (D:2)
  2 ball pythons (D:1)
  An endoplasm (D:1)
  A giant cockroach (D:1)
  8 goblins
  5 hobgoblins
  A quokka (D:1)
  3 bats
  4 frilled lizards (D:1)
  12 kobolds
  6 rats
45 creatures vanquished.

Notes
Turn   | Place    | Note
-------+----------+-------------------------------------------
     0 | D:1      | Gynju the Minotaur Fighter began the quest for the Orb.
     0 | D:1      | Reached XP level 1. HP: 19/19 MP: 0/0
   224 | D:1      | Reached XP level 2. HP: 23/27 MP: 1/1
   494 | D:1      | Reached XP level 3. HP: 32/33 MP: 2/2
   602 | D:1      | Found a faded altar of an unknown god.
   860 | D:2      | Noticed Robin
   905 | D:2      | Killed Robin
  1032 | D:2      | Reached XP level 4. HP: 22/40 MP: 3/3
  1060 | D:2      | Slain by a gnoll

Illustrated notes

Levels and vault maps discovered:
D:1:      dpeg_arrival_renting, layout_basic,
          hellmonk_ecumenical_altar_leap_of_faith
D:2:      layout_basic, uniq_robin, uniq_jessica

Skill      XL: |  1  2 |
---------------+-------+-----
Shields        | 4 |  4.3
Fighting       | 4 |  4.3
Armour         | 4 |  4.2
Axes           | 3 |  3.3

Action                     |  1- 3 |  4- 6 || total
---------------------------+-------+-------++-------
  Melee: War axe           |    69 |       ||    69
         Headbutt          |     8 |       ||     8
 Armour: Scale mail        |    58 |    11 ||    69
  Dodge: Dodged            |    30 |     5 ||    35
  Block: Buckler           |    21 |     2 ||    23

Table legend: (Time is in decaauts)
 A = Elapsed time spent in this place.
 B = Non-inter-level travel time spent in this place.
 C = Inter-level travel time spent in this place.
 D = Time resting spent in this place.
 E = Time spent auto-exploring this place.
 F = Levels seen in this place.
 G = Mean time per level.
                   A        B        C        D        E       F      G
               +--------+--------+--------+--------+--------+-----+--------+
         Total |   1085 |   1052 |     33 |      0 |    784 |   2 |  542.5 |
       Dungeon |   1085 |   1052 |     33 |      0 |    784 |   2 |  542.5 |
               +--------+--------+--------+--------+--------+-----+--------+

Top non-repeatable levels by time:
     D:1: 847 daAuts
     D:2: 238 daAuts
